 Dungeon Sprint DCSS version 0.28-a0-1387-g3a22ab9bdc (webtiles) character file.

Game seed: 12653503454109239900

315 greenreed the Frost Mage (level 6, -3/53 HPs)
             Began as a Gnoll Ice Elementalist on Jan 2, 2022.
             Was an Initiate of Sif Muna.
             Slain by a human (7 damage)
             ... in the Dungeon (Sprint III: "The Ten Rune Challenge").
             The game lasted 00:06:48 (1149 turns).

greenreed the Frost Mage (Gnoll Ice Elementalist)   Turns: 1149, Time: 00:06:48

Health: -3/53      AC:  2    Str:  7      XL:     6   Next: 44%
Magic:  2/15       EV: 14    Int: 17 (18) God:    Sif Muna [......]
Gold:   52         SH:  0    Dex: 13      Spells: 11/18 levels left

rFire   . . .      SeeInvis .   c - +0 dagger
rCold   . . .      Faith    .   (no shield)
rNeg    . . .      Spirit   .   a - +0 robe
rPois   .          Reflect  .   (no helmet)
rElec   .          Harm     .   (no cloak)
rCorr   .          Rampage  .   (no gloves)
Will    .....      NoTele   +   (no boots)
Stlth   +++.......              (no amulet)
HPRegen 0.17/turn               (no ring)
MPRegen 0.14/turn               (no ring)

@: no status effects
A: fangs 1, strong nose, distributed training, clever 1, deterioration 1, robust
1
a: Renounce Religion


You were in the Dungeon.
You worshipped Sif Muna.
Sif Muna was noncommittal.
You visited 1 branch You collected 52 gold pieces.

Inventory:

Hand Weapons
 c - a +0 dagger (weapon)
Armour
 a - a +0 robe (worn)
Scrolls
 g - a scroll of blinking
 i - a scroll of torment
 j - a scroll of holy word {unknown}
 l - a scroll of immolation {unknown}
Potions
 b - a potion of curing
 d - 2 potions of haste
 e - 2 potions of magic
 f - a potion of berserk rage
 h - a potion of brilliance {unknown}
 k - a potion of flight {unknown}


   Skills:
 + Level 4.5 Fighting
 + Level 4.5 Short Blades
 + Level 4.5 Long Blades
 + Level 4.5 Axes
 + Level 4.5 Maces & Flails
 + Level 4.5 Polearms
 + Level 4.5 Staves
 + Level 4.5 Slings
 + Level 4.5 Bows
 + Level 4.5 Crossbows
 + Level 4.5 Throwing
 + Level 4.5 Armour
 + Level 6.5 Dodging
 + Level 6.2 Stealth
 + Level 4.5 Shields
 + Level 4.5 Unarmed Combat
 + Level 6.8 Spellcasting
 + Level 3.7 Conjurations
 + Level 3.7 Hexes
 + Level 3.7 Summonings
 + Level 3.7 Necromancy
 + Level 3.7 Translocations
 + Level 3.7 Transmutations
 + Level 3.7 Fire Magic
 + Level 8.1 Ice Magic
 + Level 3.7 Air Magic
 + Level 3.7 Earth Magic
 + Level 3.7 Poison Magic
 + Level 5.0 Invocations
 + Level 4.5 Evocations


You had 11 spell levels left.
You knew the following spells:

 Your Spells              Type           Power      Damage    Failure   Level
a - Freeze                Ice            100%       1d11      1%          1
b - Frozen Ramparts       Ice            66%        1d8       1%          3
c - Ozocubu's Armour      Ice            33%        N/A       1%          3

Your spell library contained the following spells:

 Spells                   Type           Power      Damage    Failure   Level
 Dazzling Flash           Conj/Hex       36%        N/A       8%          3
 Hailstorm                Conj/Ice       26%        3d7       11%         4
 Agony                    Necr           18%        N/A       56%         5
 Silence                  Hex/Air        9%         N/A       56%         5


Dungeon Overview and Level Annotations

Branches:
Dungeon (1/1)

Altars:
Dithmenos
Elyvilon
Kikubaaqudgha
Okawaru
Ru
Sif Muna
Trog
Uskayaw
Vehumet
Wu Jian
Yredelemnul
Zin
The Shining One
Beogh

Annotations:
D exclusion: deep elf pyromancer


Innate Abilities, Weirdness & Mutations

You have very sharp teeth.
Your uncanny sense of smell can sniff out nearby items.
Your experience applies equally to all skills.
Your mind is acute. (Int +2)
Your body sometimes deteriorates upon taking damage.
You are robust. (+10% HP)


Message History

Casting: Frozen Ramparts (safe; 1% risk of failure)
Confirm with . or Enter, or press ? or * to list all spells.
Okay, then.
You close the door.
A human opens the door.
You close the door.
A human breaks down the door.
It's broken and can't be closed.
It's broken and can't be closed.
It's broken and can't be closed.
It's broken and can't be closed.
Your frozen ramparts will break if you move.
Continue?
The frozen ramparts melt away as you move.
The human drinks a potion.
The human goes berserk!
The human hits you.
There is a fountain of clear blue water here.
The human rages.
The human hits you with a +0 dagger!
Your body deteriorates!
You feel dopey.
There is an open door to the Ecumenical Temple here.
The human rages.
The human drinks a potion.
The human seems to grow stronger.
The human barely misses you. The human hits you with a +0 dagger!
Casting: Frozen Ramparts (safe; 1% risk of failure)
Confirm with . or Enter, or press ? or * to list all spells.
You don't have enough magic to cast this spell.
You hit the human.
The human is lightly wounded.
The human hits you with a +0 dagger.
You hit the human but do no damage. You punch the human.
The human is lightly wounded.
The human closely misses you.
You hit the human. Your bite misses the human.
The human is lightly wounded.
The human hits you with a +0 dagger.
You barely miss the human.
The human is lightly wounded.
The human hits you with a +0 dagger!
* * * LOW HITPOINT WARNING * * *
The human hits you with a +0 dagger!
You die...

▓..##.......#..#..#e..#__.#.
▓##.##.##..)#..#..###+#'###[
##.##.###..##'#..#.........
▓#.####.##..###...'.⌠.......
▓.###..##..####...#...######
▓#.....##..###....#.⌠.#
###..##...##.....#...#∆
##..##....#pp....#)###
#..###..##@#.....#)..# #..#
#..#####....#___# ▓▓▓▓ ▓▓▓▓
▓▓▓▓▓▓▓▓▓▓ ∆


You could see 2 humans.

Vanquished Creatures
  A necrophage (D)
  A scorpion (D)
  A water elemental (D)
  Jessica (D)
  A wizard (D)
  A necromancer (D)
  A human (D)
  A kobold demonologist (D)
  An endoplasm (D)
  2 rats (D)
11 creatures vanquished.

Notes
Turn   | Place    | Note
-------+----------+-------------------------------------------
     0 | D        | greenreed the Gnoll Ice Elementalist began the quest for
                  | the Orb.
     0 | D        | Reached XP level 1. HP: 13/13 MP: 6/6
   117 | D        | Noticed Jessica
   125 | D        | Killed Jessica
   126 | D        | Reached skill level 1 in Fighting
   126 | D        | Reached skill level 1 in Short Blades
   126 | D        | Reached skill level 1 in Long Blades
   126 | D        | Reached skill level 1 in Axes
   126 | D        | Reached skill level 1 in Maces & Flails
   126 | D        | Reached skill level 1 in Polearms
   126 | D        | Reached skill level 1 in Staves
   126 | D        | Reached skill level 1 in Slings
   126 | D        | Reached skill level 1 in Bows
   126 | D        | Reached skill level 1 in Crossbows
   126 | D        | Reached skill level 1 in Throwing
   126 | D        | Reached skill level 1 in Armour
   126 | D        | Reached skill level 1 in Shields
   126 | D        | Reached skill level 1 in Unarmed Combat
   126 | D        | Reached skill level 5 in Spellcasting
   126 | D        | Reached skill level 1 in Conjurations
   126 | D        | Reached skill level 1 in Hexes
   126 | D        | Reached skill level 1 in Summonings
   126 | D        | Reached skill level 1 in Necromancy
   126 | D        | Reached skill level 1 in Translocations
   126 | D        | Reached skill level 1 in Transmutations
   126 | D        | Reached skill level 1 in Fire Magic
   126 | D        | Reached skill level 1 in Air Magic
   126 | D        | Reached skill level 1 in Earth Magic
   126 | D        | Reached skill level 1 in Poison Magic
   126 | D        | Reached skill level 1 in Evocations
   126 | D        | Reached XP level 2. HP: 16/22 MP: 4/8
   126 | D        | Reached XP level 3. HP: 20/27 MP: 4/9
   227 | D        | Noticed a scorpion
   237 | D        | Reached skill level 5 in Dodging
   241 | D        | Learned a level 3 spell: Frozen Ramparts
   245 | D        | Learned a level 3 spell: Ozocubu's Armour
   455 | D        | Killed a scorpion
   456 | D        | Reached skill level 5 in Stealth
   456 | D        | Reached XP level 4. HP: 14/35 MP: 0/11
   749 | D        | Noticed a water elemental
   765 | D        | Gained mutation: You are robust. (+10% HP) [potion of
                  | mutation]
   766 | D        | Lost mutation: You are robust. (+10% HP) [potion of
                  | mutation]
   766 | D        | Gained mutation: Your body sometimes deteriorates upon
                  | taking damage. [potion of mutation]
   767 | D        | Lost mutation: Your body sometimes deteriorates upon taking
                  | damage. [potion of mutation]
   767 | D        | Gained mutation: Your system is resistant to poisons.
                  | (rPois) [potion of mutation]
   768 | D        | Lost mutation: Your system is resistant to poisons. (rPois)
                  | [potion of mutation]
   768 | D        | Gained mutation: Your body sometimes deteriorates upon
                  | taking damage. [potion of mutation]
   768 | D        | Gained mutation: You are robust. (+10% HP) [potion of
                  | mutation]
   768 | D        | Gained mutation: Your mind is acute. (Int +2) [potion of
                  | mutation]
   805 | D        | Killed a water elemental
   806 | D        | Reached XP level 5. HP: 13/45 MP: 5/13
  1027 | D        | Found a glowing silver altar of Zin.
  1027 | D        | Found a glowing golden altar of the Shining One.
  1027 | D        | Found a white marble altar of Elyvilon.
  1033 | D        | Found a radiant altar of Vehumet.
  1033 | D        | Found a shimmering blue altar of Sif Muna.
  1033 | D        | Found an ancient bone altar of Kikubaaqudgha.
  1038 | D        | Noticed an orange demon
  1071 | D        | Became a worshipper of Sif Muna the Loreminder
  1084 | D        | Found a hide-covered altar of Uskayaw.
  1084 | D        | Found an iron altar of Okawaru.
  1084 | D        | Found a bloodstained altar of Trog.
  1084 | D        | Found an ornate altar of the Wu Jian Council.
  1084 | D        | Noticed a human
  1089 | D        | Noticed a deep elf pyromancer
  1098 | D        | Found a basalt altar of Yredelemnul.
  1098 | D        | Found a shadowy altar of Dithmenos.
  1098 | D        | Found a sacrificial altar of Ru.
  1098 | D        | Noticed a necrophage
  1102 | D        | Reached XP level 6. HP: 46/52 MP: 7/15
  1109 | D        | Killed a necrophage
  1110 | D        | Reached skill level 8 in Ice Magic
  1110 | D        | Reached skill level 5 in Invocations
  1130 | D        | Noticed a human
  1149 | D        | Slain by a human

Illustrated notes

Levels and vault maps discovered:
D:        dungeon_sprint_mu [sprint_mu_entry_cave, sprint_mu_temple_rooms,
          sprint_mu_d1_spiders, sprint_mu_d2_genie, sprint_mu_d3_branching,
          sprint_mu_orc_legion, sprint_mu_elf_gauntlet, sprint_mu_hive_nellie,
          sprint_mu_lair_fedhas, sprint_mu_vaults_butterflies,
          sprint_mu_slime_circle, sprint_mu_shoals_kraken,
          sprint_mu_snake_twists, sprint_mu_blade_basic,
          sprint_mu_crypt_fortress, sprint_mu_tomb_spiral,
          sprint_mu_vestibule_basic, sprint_mu_gehenna_hellfire,
          sprint_mu_dis_giant, sprint_mu_tartarus_statrot,
          sprint_mu_cocytus_islands, sprint_mu_zot1]

Skill      XL: |  1  2  3  4  5  6 |
---------------+-------------------+-----
Fighting       | 1 3 4 |  4.5
Short Blades   | 1 3 4 |  4.5
Long Blades    | 1 3 4 |  4.5
Axes           | 1 3 4 |  4.5
Maces & Flails | 1 3 4 |  4.5
Polearms       | 1 3 4 |  4.5
Staves         | 1 3 4 |  4.5
Slings         | 1 3 4 |  4.5
Bows           | 1 3 4 |  4.5
Crossbows      | 1 3 4 |  4.5
Throwing       | 1 3 4 |  4.5
Armour         | 1 3 4 |  4.5
Shields        | 1 3 4 |  4.5
Unarmed Combat | 1 3 4 |  4.5
Spellcasting   | 5 6 |  6.8
Conjurations   | 1 2 3 |  3.7
Hexes          | 1 2 3 |  3.7
Summonings     | 1 2 3 |  3.7
Necromancy     | 1 2 3 |  3.7
Translocations | 1 2 3 |  3.7
Transmutations | 1 2 3 |  3.7
Fire Magic     | 1 2 3 |  3.7
Air Magic      | 1 2 3 |  3.7
Earth Magic    | 1 2 3 |  3.7
Poison Magic   | 1 2 3 |  3.7
Invocations    | 2 3 4 5 |  5.0
Evocations     | 1 3 4 |  4.5
Dodging        | 5 6 |  6.5
Stealth        | 5 6 |  6.2
Ice Magic      | 8 |  8.1

Action                   |  1- 3 |  4- 6 || total
-------------------------+-------+-------++-------
Melee: Unarmed           |       |     6 ||     6
       Dagger            |       |     4 ||     4
       Punch             |       |     1 ||     1
 Cast: Freeze            |    14 |     5 ||    19
       Frozen Ramparts   |     1 |     5 ||     6
       Ozocubu's Armour  |     1 |     3 ||     4
  Use: Potion            |     1 |     4 ||     5
       Scroll            |       |     2 ||     2
Armor: Robe              |     1 |     4 ||     5
Dodge: Dodged            |     4 |     7 ||    11

Table legend: (Time is in decaauts)
 A = Elapsed time spent in this place.
 B = Non-inter-level travel time spent in this place.
 C = Inter-level travel time spent in this place.
 D = Time resting spent in this place.
 E = Time spent auto-exploring this place.
 F = Levels seen in this place.
 G = Mean time per level.
                   A        B        C        D        E       F      G
               +--------+--------+--------+--------+--------+-----+--------+
         Total |   1147 |   1147 |      0 |      0 |    899 |   1 | 1147.0 |
       Dungeon |   1147 |   1147 |      0 |      0 |    899 |   1 | 1147.0 |
               +--------+--------+--------+--------+--------+-----+--------+

Top non-repeatable levels by time:
       D: 1147 daAuts
